 Dungeon Crawl Stone Soup version 0.28.0-1-gb440e238dd (webtiles) character file.

Game seed: 4139236470193016122

4 fknight the Charlatan (level 1, 0/13 HPs)
             Began as a Human Wanderer on Feb 20, 2022.
             Frozen to death by an endoplasm (2 damage)
             ... on level 1 of the Dungeon.
             The game lasted 00:03:38 (452 turns).

fknight the Charlatan (Human Wanderer)               Turns: 452, Time: 00:03:38

Health: 0/13       AC:  5    Str: 11    XL:     1   Next: 66%
Magic:  2/2        EV:  9    Int: 12    God:
Gold:   8          SH:  0    Dex: 13    Spells: 1/2 levels left

rFire   . . .      SeeInvis .   a - +0 dagger
rCold   . . .      Faith    .   (no shield)
rNeg    . . .      Spirit   .   e - +0 ring mail
rPois   .          Reflect  .   (no helmet)
rElec   .          Harm     .   (no cloak)
rCorr   .          Rampage  .   (no gloves)
Will    .....                   (no boots)
Stlth   +.........              (no amulet)
HPRegen 0.04/turn               (no ring)
MPRegen 0.08/turn               (no ring)

@: no status effects
A: no striking features
a: no special abilities


You were on level 1 of the Dungeon.
You visited 1 branch of the dungeon, and saw 1 of its levels.

You collected 8 gold pieces.

Inventory:

Hand Weapons
 a - a +0 dagger (weapon)
Missiles
 f - 8 stones (quivered)
Armour
 c - a +0 robe
 e - a +0 ring mail (worn)
Scrolls
 h - a scroll of teleportation {unknown}
Potions
 b - a potion of curing
 g - a potion of mutation {unknown}
Miscellaneous
 d - a tin of tremorstones (2/2)


   Skills:
 + Level 1.0 Spellcasting
 + Level 3.0 Translocations
 + Level 1.0 Invocations
 + Level 5.2 Evocations


You had one spell level left.
You knew the following spells:

 Your Spells              Type           Power      Damage    Failure   Level
a - Apportation           Tloc           14%        N/A       22%         1

Your spell library contained the following spells:

 Spells                   Type           Power      Damage    Failure   Level
 Teleport Other           Tloc           7%         N/A       54%         3
 Dispersal                Tloc           3%         N/A       100%        6
 Disjunction              Tloc           3%         N/A       100%        8


Dungeon Overview and Level Annotations

Branches:
Dungeon (1/15)

Altars:


Message History

Found a club.
g - a white potion
h - a scroll labelled SIGOAB MAGEWN
Found a faded altar of an unknown god.
Found a stone staircase leading down.
A hobgoblin comes into view.
Found a leather armour.
The hobgoblin shouts!
An endoplasm comes into view.
Found a scroll labelled GUZXEY BAZICLO.
You closely miss the hobgoblin. The hobgoblin barely misses you.
You hit the hobgoblin but do no damage. The endoplasm freezes you.
You are frozen.
The hobgoblin closely misses you.
You hit the hobgoblin but do no damage.
The endoplasm hits you but does no damage.
The hobgoblin hits you but does no damage.
You hit the hobgoblin.
The hobgoblin is heavily wounded.
The endoplasm freezes you.
You are frozen.
The hobgoblin barely misses you.
You closely miss the hobgoblin.
The hobgoblin is heavily wounded.
The endoplasm hits you but does no damage.
The hobgoblin hits you but does no damage.
You hit the hobgoblin.
The hobgoblin is almost dead.
The endoplasm barely misses you. The hobgoblin closely misses you.
You hit the hobgoblin.
You kill the hobgoblin!
The endoplasm freezes you.
You are frozen.
* * * LOW HITPOINT WARNING * * *
The endoplasm barely misses you.
You see here a hobgoblin corpse.
You hit the endoplasm.
The endoplasm is moderately wounded.
The endoplasm freezes you.
You are frozen.
You die...

.......##### #.#
)..........# #.#
...........# #.#
...........###.#########
.....................>?.
..##..########.#........
..##..# ##.#........
####..#######...........
# #............@.P.....
# #...........PJP......
# #.......#.P.P..♣.[##.
# ....#..PP_.PP....
......P.P.....##.
.......P.P.♣...#
####.......P..#
##.......#.#


You could see an endoplasm.

Vanquished Creatures
  2 hobgoblins (D:1)
  A bat (D:1)
  A kobold (D:1)
4 creatures vanquished.

Notes
Turn   | Place    | Note
-------+----------+-------------------------------------------
     0 | D:1      | fknight the Human Wanderer began the quest for the Orb.
     0 | D:1      | fknight set off with the following items: a +0 dagger, a
                  | potion of curing, a +0 robe, a tin of tremorstones (2/2);
                  | and the following spell memorised: Apportation; and the
                  | following spells available to memorise: Teleport Other
     0 | D:1      | Reached XP level 1. HP: 13/13 MP: 2/2
   437 | D:1      | Found a faded altar of an unknown god.
   452 | D:1      | Frozen to death by an endoplasm

Illustrated notes

Levels and vault maps discovered:
D:1:      evilmike_arrival_hilbert_curve, layout_basic,
          dreamdust_ecumenical_altar_grove, minivault_11, minmay_pentomino_r2

Action                   || total
-------------------------++-------
Melee: Dagger            ||    15
Throw: Stone             ||     1
Armor: Ring mail         ||     4
       Robe              ||     1
Dodge: Dodged            ||    10
